 Dungeon Crawl Stone Soup version 0.28.0-47-ge53b351184 (webtiles) character file.

Game seed: 16067143932349978708

68 Iusername the Slasher (level 4, 0/37 (40) HPs)
             Began as a Draconian Chaos Knight on May 4, 2022.
             Was a Plaything of Xom.
             Slain by a wight
             ... wielding a +3 dire flail of freezing
              (5 damage)
             ... on level 3 of the Dungeon.
             The game lasted 00:03:20 (1801 turns).

Iusername the Slasher (Draconian Chaos Knight)      Turns: 1801, Time: 00:03:27

HP:   0/37 (40)     AC:  5    Str: 15      XL:     4   Next: 1%
MP:   4/4           EV: 12    Int: 12      God:    Xom [..*...]
Gold: 105           SH:  0    Dex: 10 (12) Spells: 3/3 levels left

rFire   . . .      SeeInvis .   a - +2 falchion (chaos)
rCold   . . .      Faith    .   (no shield)
rNeg    . . .      Spirit   .   (armour unavailable)
rPois   .          Reflect  .   (helmet restricted)
rElec   .          Harm     .   (no cloak)
rCorr   .          Rampage  .   (no gloves)
Will    .....                   (no boots)
Stlth   +.........              (no amulet)
HPRegen 0.12/turn               (no ring)
MPRegen 0.09/turn               (no ring)

@: mighty, drained
A: AC +5, unfitting armour, cold-blooded, deterioration 2, devolution 1
a: Renounce Religion


You were on level 3 of the Dungeon.
You worshipped Xom.
You were a toy of Xom.
You visited 1 branch of the dungeon, and saw 3 of its levels.

You collected 105 gold pieces.

Inventory:

Hand Weapons
 a - a +2 falchion of chaos (weapon)
Scrolls
 b - a scroll of teleportation {unknown}
 c - a scroll of identify {unknown}
 d - a scroll of noise {unknown}
 f - a scroll of vulnerability {unknown}
 i - a scroll of fog {unknown}
 j - a scroll of torment {unknown}
 k - a scroll of holy word {unknown}


   Skills:
 + Level 3.9 Fighting
 + Level 4.0 Long Blades
 + Level 2.6 Dodging
 + Level 0.9 Stealth


You had 3 spell levels left.
You didn't know any spells.
Your spell library was empty.

Dungeon Overview and Level Annotations

Branches:
Dungeon (3/15)

Altars:
Sif Muna
Yredelemnul

Shops:
D:1 =


Innate Abilities, Weirdness & Mutations

Your plain brown scales are hard. (AC +5)
You cannot fit into any form of body armour.
You are cold-blooded and may be slowed by cold attacks.
Your body often deteriorates upon taking damage.
You have hidden genetic defects.


Message History

You feel your body start to fall apart.
You are now a toy of Xom. 3 wights come into view.
A wight is wielding a +3 dire flail of freezing.
You throw a throwing net. The throwing net hits the wight.
The wight is caught in the net!
The wight struggles against the net.
As you read the scroll labelled YSOPIROSCHI, it crumbles to dust.
It is a scroll of enchant weapon.
Your +0 falchion of chaos glows red for a moment.
The wight struggles against the net.
As you read the scroll of enchant weapon, it crumbles to dust.
Your +1 falchion of chaos glows red for a moment.
The wight struggles against the net.
It was a potion of might.
You feel very mighty all of a sudden.
Xom thinks this is hilarious!
The wight struggles against the net.
Xom snickers.
Nothing appears to happen...
Ominous!
The wight struggles against the net.
A wight comes into view. It is wielding a +6 flail.
The wight struggles against the net.
The net rips apart, and the wight comes free!
A wight comes into view. It is wielding a +0 scimitar.
The wight hits you with a +3 dire flail of freezing!
You feel drained. The wight freezes you.
You slash the wight!
The wight flickers and vanishes!
Deactivating autopickup; reactivate with Ctrl-A.
Something hits you!
Your body deteriorates!
You feel clumsy. Something freezes you.
You hit something. "See what I see, my child!"
You detect creatures!
Something completely misses you.
You miss something. Something hits you!
* * * LOW HITPOINT WARNING * * *
Your body deteriorates!
You feel clumsy.
A shower of butterflies erupts from you!
You feel drained.
You die...
Xom laughs nastily!

##############
#............#
#####.##########b#
........## #b#
#####....## #@# ##
##.....## #{#
.###.......# #z#
............. #z#
####.......## #z#
##.....## #z#
#....## #.# #.#.##
#.# #.....


You could see 4 wights.

Vanquished Creatures
  A jelly (D:3)
  2 worms (D:2)
  A dart slug (D:2)
  A ball python (D:1)
  An endoplasm (D:2)
  A giant cockroach (D:2)
  2 goblins (D:2)
  3 hobgoblins
  3 jackals (D:1)
  3 kobolds
  2 quokkas (D:3)
  3 bats
  2 frilled lizards
25 creatures vanquished.

Notes
Turn   | Place    | Note
-------+----------+-------------------------------------------
     0 | D:1      | Iusername the Draconian Chaos Knight began the quest for
                  | the Orb.
     0 | D:1      | Reached XP level 1. HP: 19/19 MP: 1/1
    57 | D:1      | XOM: silly message
   121 | D:1      | XOM: silly message
   256 | D:1      | Found a faded altar of an unknown god.
   310 | D:1      | Found Aquf's Jewellery Boutique.
   319 | D:1      | Reached XP level 2. HP: 16/26 MP: 2/2
   784 | D:2      | XOM: cloud trail
   908 | D:2      | Found a shimmering blue altar of Sif Muna.
   919 | D:2      | XOM: potion effect (haste)
   923 | D:2      | Reached XP level 3. HP: 33/33 MP: 3/3
  1097 | D:2      | XOM: cloud trail
  1175 | D:2      | XOM: noise
  1444 | D:3      | Found a basalt altar of Yredelemnul.
  1498 | D:3      | Reached skill level 4 in Long Blades
  1498 | D:3      | Reached XP level 4. HP: 6/40 MP: 4/4
  1788 | D:3      | XOM: give mutations
  1788 | D:3      | Gained mutation: Your body sometimes deteriorates upon
                  | taking damage. [Xom's mischief]
  1788 | D:3      | Gained mutation: You have hidden genetic defects. [Xom's
                  | mischief]
  1788 | D:3      | Gained mutation: Your body often deteriorates upon taking
                  | damage. [Xom's mischief]
  1795 | D:3      | XOM: silly message
  1800 | D:3      | XOM: divination: detect creatures
  1801 | D:3      | XOM: butterfly on damage
  1801 | D:3      | Slain by a wight

Illustrated notes

Levels and vault maps discovered:
D:1:      dpeg_arrival_round_c, layout_basic,
          hellmonk_ecumenical_altar_crossroads, serial_shops, shop
D:2:      layout_basic, basic_altar
D:3:      wad_pebble_path, layout_loops_ring, yredelemnul_altar_generic,
          uniq_grinder, uniq_ijyb

Skill      XL: |  1  2  3 |
---------------+----------+-----
Long Blades    | 4 |  4.0
Fighting       | |  3.9
Dodging        | |  2.6
Stealth        | |  0.9

Action                   |  1- 3 |  4- 6 || total
-------------------------+-------+-------++-------
Melee: Falchion          |    68 |     3 ||    71
       Tailslap          |     7 |       ||     7
       Punch             |     2 |       ||     2
Throw: Throwing net      |       |     1 ||     1
  Use: Scroll            |       |     2 ||     2
       Potion            |       |     1 ||     1
 Stab: Petrified         |     3 |       ||     3
       Paralysed         |     1 |       ||     1
Armor: Skin              |    24 |       ||    24
Dodge: Dodged            |    45 |     1 ||    46
